AoeStats
← tic.tac.toe

Arabia

510392179Analyzed
1v1 RM · 1d ago on Sep 30, 2026· 34m 59s· 2 players
Game mode
Random Map
Map size
Tiny (2 player)
Population
200
Speed
Normal
Resources
Standard
Victory
Conquest
Starting age
Dark Age
Ending age
Imperial Age
RankedLock teamsTeams togetherTeam positionsShared explorationLock speedFull tech treeHidden civsTurbo modeCheats
Victory
Defeat
🇩🇪 Spanish · Germany
1502
+16
🇧🇾 Japanese · Belarus
1504
-16
Volmer
10:29 Feudal Age
13:54 Castle Age
15:02 Double-Bit Axe
16:49 Bow Saw
19:16 Padded Archer Armor
19:18 Loom
21:04 Leather Archer Armor
24:18 Town Watch
27:26 Wheelbarrow
28:02 Horse Collar
29:07 Gold Mining
30:25 Hand Cart
34:48 Imperial Age
33:13 Scale Barding Armor
33:18 Forging
34:05 Light Cavalry
34:55 Bloodlines
34:47 Husbandry
35:10 Chain Barding Armor
35:26 Fletching
tic.tac.toe
6:33 Loom
6:45 Loom
8:22 Loom
10:32 Feudal Age
15:25 Castle Age
14:45 Double-Bit Axe
17:00 Gold Mining
18:32 Fletching
18:08 Elite Skirmisher
25:08 Ballistics
25:22 Bodkin Arrow
Connection lost

Rejoining the realm…

Still unreachable

The connection could not be restored.

Session expired

The server has moved on; the page needs a fresh start.